 Dungeon Crawl Stone Soup version 0.26-a0-935-g3624241d3c (webtiles) character file.

Game seed: 7365547823121807301

94 karrick the Skirmisher (level 4, -2/35 HPs)
             Began as a Demonspawn Fighter on Nov 27, 2020.
             Killed by nerve-wracking pain
             ... invoked by an orc priest
              (13 damage)
             ... on level 1 of the Dungeon.
             The game lasted 00:02:04 (2068 turns).

karrick the Skirmisher (Demonspawn Fighter)         Turns: 2068, Time: 00:02:04

Health: -2/35      AC:  8    Str: 16    XL:     4   Next: 38%
Magic:  4/4        EV:  7    Int: 11    God:
Gold:   124        SH:  8    Dex: 12    Spells: 3/3 levels left

rFire    . . .     SeeInvis .   a - +0 war axe
rCold    . . .     Faith    +   c - +0 kite shield
rNeg     . . .     Spirit   .   b - +0 scale mail
rPois    .         Reflect  .   (no helmet)
rElec    .         Harm     .   (no cloak)
rCorr    .         Rampage  .   (no gloves)
MR       .....                  (no boots)
Stlth    ..........             k - amulet of faith
HPRegen  0.11/turn              (no ring)
MPRegen  0.09/turn              (no ring)

@: no status effects
A: molten scales 1
a: no special abilities


You were on level 1 of the Dungeon.
You visited 1 branch of the dungeon, and saw 2 of its levels.

You collected 124 gold pieces.

Inventory:

Hand Weapons
 a - a +0 war axe (weapon)
Armour
 b - a +0 scale mail (worn)
 c - a +0 kite shield (worn)
Jewellery
 k - an amulet of faith (around neck)
 o - an uncursed ring of stealth {unknown}
Scrolls
 e - a scroll of fear {unknown}
 f - 2 scrolls of identify {unknown}
 g - a scroll of amnesia {unknown}
 h - a scroll of immolation {unknown}
 l - 2 scrolls of teleportation {unknown}
 m - 2 scrolls of enchant armour {unknown}
 p - a scroll of random uselessness {unknown}
Potions
 d - a potion of might
 i - 3 potions of haste {unknown}
 j - a potion of heal wounds
 n - a potion of degeneration {unknown}


   Skills:
 + Level 3.4 Fighting
 + Level 2.9 Axes
 + Level 3.3 Armour
 + Level 0.3 Dodging
 + Level 3.0 Shields


You had 3 spell levels left.
You didn't know any spells.
Your spell library was empty.

Dungeon Overview and Level Annotations

Branches:
Dungeon (2/15)

Altars:
Elyvilon


Innate Abilities, Weirdness & Mutations

You are partially covered in molten scales. (AC +2)


Message History

There is a stone staircase leading down here.
Unknown command.
You feel much better.
The orc priest hits you but does no damage. x2
You closely miss the orc priest.
The orc priest is moderately wounded.
The orc priest hits you with a +1 short sword of speed.
You closely miss the orc priest.
The orc priest is moderately wounded.
The orc priest hits you with a +1 short sword of speed.
The orc priest hits you but does no damage.
You barely miss the orc priest.
The orc priest is moderately wounded.
The orc priest hits you with a +1 short sword of speed.
The orc priest barely misses you.
You hit the orc priest.
The orc priest is moderately wounded.
The orc priest calls down the wrath of Beogh upon you.
Pain shoots through your body!
You die...

#..'.............................
##.#...................######....
##.##.......#..........# #...#
#..###.....##.........## #...#
...# ##...###.........# #.##.
.### ##+## #.........# #.#(. .#
#.# #.........# #.#(. .# #.#
#...o.....# #.##. .# ##.##
#...@.....# #...# .###
##...#######.##### ###.#
...###.....# #.# #..
..........#######.# ###
...#####..........# ...#
############ ...# ####


You could see an orc priest.

Vanquished Creatures
  2 gnolls (D:1)
  An adder (D:2)
  A worm (D:2)
  2 dart slugs (D:2)
  A leopard gecko (D:1)
  2 orcs (D:2)
  12 giant cockroaches
  7 goblins
  6 hobgoblins (D:1)
  3 kobolds (D:1)
  A ball python (D:1)
  6 bats (D:1)
  2 frilled lizards
  7 rats
53 creatures vanquished.

Notes
Turn   | Place    | Note
-------+----------+-------------------------------------------
     0 | D:1      | karrick the Demonspawn Fighter began the quest for the Orb.
     0 | D:1      | Reached XP level 1. HP: 18/18 MP: 1/1
   227 | D:1      | Gained mutation: You are partially covered in molten
                  | scales. (AC +2) [demonic ancestry]
   227 | D:1      | Reached XP level 2. HP: 12/24 MP: 2/2
   534 | D:1      | Reached XP level 3. HP: 16/29 MP: 3/3
  1477 | D:2      | Reached XP level 4. HP: 32/35 MP: 4/4
  1701 | D:2      | Found a white marble altar of Elyvilon.
  2062 | D:2      | HP: 1/35 [orc priest/divine providence (11)]
  2068 | D:1      | Killed from afar by an orc priest

Illustrated notes

Levels and vault maps discovered:
D:1:      lemuel_arrival_behind_the_door_small, layout_loops_corners,
          palyth_stone_intersect, minmay_hexomino_c4
D:2:      minmay_roachtagon, layout_loops_corners, elyvilon_altar_1

Skill      XL: |  1  2  3  4 |
---------------+-------------+-----
Armour         | 3 |  3.3
Axes           | 2 |  2.9
Shields        | 3 |  3.0
Fighting       | |  3.4
Dodging        | |  0.3

Action                   |  1- 3 |  4- 6 || total
-------------------------+-------+-------++-------
Melee: War axe           |   121 |    55 ||   176
  Use: Potion            |       |     1 ||     1
Armor: Scale mail        |    75 |    27 ||   102
Dodge: Dodged            |    39 |    13 ||    52
Block: Kite shield       |    53 |    22 ||    75

Table legend: (Time is in decaauts)
 A = Elapsed time spent in this place.
 B = Non-inter-level travel time spent in this place.
 C = Inter-level travel time spent in this place.
 D = Time resting spent in this place.
 E = Time spent auto-exploring this place.
 F = Levels seen in this place.
 G = Mean time per level.
                   A        B        C        D        E       F      G
               +--------+--------+--------+--------+--------+-----+--------+
         Total |   2149 |   2133 |     16 |      0 |   1744 |   2 | 1074.5 |
       Dungeon |   2149 |   2133 |     16 |      0 |   1744 |   2 | 1074.5 |
               +--------+--------+--------+--------+--------+-----+--------+

Top non-repeatable levels by time:
     D:1: 1425 daAuts
     D:2: 724 daAuts
